cohdb
Replays
Latest Replays
All Replays
Popular Replays
Top Player Replays
Match Explorer
How It Works
Community
CoH3 Stats
Reddit
Sign in to upload your games and track your stats! →
Sign in with Steam
Match 42541907
Unlisted
Match 42541907
Overview
Messages
Build Orders
End
Construct Infanterie Kompanie
Selects Italian Coastal Battlegroup
Selects Coastal Reserves
Coastal Reserve
Coastal Reserve
Coastal Reserve
GrW 34 Mortar Team
Coastal Reserve
Coastal Reserve
Selects Support Bunkers
Medical Bunker
Construct Panzergrenadier Kompanie
Infanterie Officer Quarters
Selects Rapid Fortifications
Rapid Fortifications
Anti-tank Bunker
Pak 40 Anti-tank Gun Team
Panzergrenadier Squad
Selects Artillery Officer
Selects Obice da 210/22 Artillery Emplacement
Panzergrenadier Squad
Panzergrenadier Squad
PayPerPaper
sunmoon
SLY
ßoo
Tactical Nuclear Cow
A fiendish vampire
0
0
Comments
sign in to comment!
No comments posted yet!